 Dungeon Crawl Stone Soup version 0.32-a0-893-gf85d74f360 (webtiles) character file.

Game seed: 11798331958698367982

2650 javelincjr the Thaumaturge (level 9, -1/45 HPs)
             Began as a Deep Elf Summoner on Apr 3, 2024.
             Was a Follower of the Shining One.
             Killed by divine providence
             ... invoked by an orc priest
              (16 damage)
             ... on level 8 of the Dungeon.
             The game lasted 00:35:54 (7931 turns).

javelincjr the Thaumaturge (Deep Elf Summoner)      Turns: 7931, Time: 00:35:55

Health: -1/45      AC: 17    Str: 10    XL:     9   Next: 36%
Magic:  17/24      EV: 12    Int: 30    God:    the Shining One [*.....]
Gold:   347        SH:  5    Dex: 19    Spells: 15/27 levels left

rFire   . . .        C - +2 spear (venom)
rCold   + . .        (no shield)
rNeg    + . .        v - +5 ring mail "Live Meu" {Int+3}
rPois   .            p - +2 hat
rElec   .            s - scarf of Entitlement {repulsion, rC+ Will+ Int+2}
rCorr   .            o - +1 pair of gloves
SInv    .            y - +2 pair of boots
Will    +....        r - amulet of Qusitoil {Reflect Str+5 Dex+4 SH+5}
Stlth   +            d - ring of positive energy
HPRegen 0.27/turn    (no ring)
MPRegen 0.19/turn

%: repel missiles, reflection
@: glowing, inugami summoned
A: no striking features
a: Renounce Religion, Divine Shield


You were on level 8 of the Dungeon.
You worshipped the Shining One.
The Shining One was aware of your devotion.
You visited 2 branches of the dungeon, and saw 9 of its levels.

You collected 347 gold pieces.

Inventory:

Hand Weapons
 A - a +1 dagger of venom
 C - a +2 spear of venom (weapon)
Missiles
 q - 8 javelins
 z - 9 poisoned darts
Armour
 a - a +0 robe
 l - an orb of mayhem
 o - a +1 pair of gloves (worn)
 p - a +2 hat (worn)
 s - the scarf of Entitlement (worn) {repulsion, rC+ Will+ Int+2}
   (You acquired it on level 6 of the Dungeon)

   Int+2:     It affects your intelligence (+2).
   rC+:       It protects you from cold.
   Will+:     It increases your willpower.
 v - the +5 ring mail "Live Meu" (worn) {Int+3}
   (You found it on level 5 of the Dungeon)

   Int+3:     It affects your intelligence (+3).
 y - a +2 pair of boots (worn)
Magical Staves
 e - a staff of air
Jewellery
 d - a ring of positive energy (left hand)
 g - an amulet of the acrobat
 r - the amulet of Qusitoil (around neck) {Reflect Str+5 Dex+4 SH+5}
   (You acquired it in the Ecumenical Temple)

   [amulet of reflection]

   Reflect:   It reflects blocked missile attacks.
   Str+5:     It affects your strength (+5).
   Dex+4:     It affects your dexterity (+4).
   SH+5:      It affects your SH (+5).
 I - a ring of fire
Wands
 m - a wand of polymorph (13)
 u - a wand of warping (12)
 B - a wand of flame (18)
 J - a wand of paralysis (13)
Scrolls
 h - a scroll of blinking
 t - 4 scrolls of poison
 D - 2 scrolls of noise
 E - a scroll of butterflies
 F - a scroll of revelation {unknown}
 G - a scroll of immolation {unknown}
 H - a scroll of fear {unknown}
Potions
 b - 4 potions of magic
 c - 5 potions of curing
 f - 2 potions of attraction
 i - a potion of lignification
 j - 2 potions of enlightenment
 k - a potion of brilliance {unknown}
 n - a potion of might {unknown}
 w - a potion of heal wounds {unknown}
 x - 2 potions of haste


   Skills:
 + Level 2.2 Armour
 + Level 6.3 Dodging
 + Level 6.6 Stealth
 * Level 9.6 Spellcasting
 * Level 9.0 Summonings
 + Level 2.8 Invocations


You had 15 spell levels left.
You knew the following spells:

 Your Spells              Type           Power      Damage    Failure   Level
a - Summon Small Mammal   Summ           100%       N/A       1%          1
b - Summon Lightning Spi  Summ/Air       41%        N/A       14%         4
c - Call Canine Familiar  Summ           62%        N/A       1%          3
d - Animate Armour        Summ/Erth      82%        N/A       14%         4

Your spell library contained the following spells:

 Spells                   Type           Power      Damage    Failure   Level
 Call Imp                 Summ           100%       N/A       1%          2
 Summon Blazeheart Golem  Fire/Summ      41%        N/A       14%         4
 Dazzling Flash           Conj/Hex       28%        N/A       26%         3
 Mephitic Cloud           Conj/Alch/Air  14%        N/A       26%         3
 Stone Arrow              Conj/Erth      28%        3d8       26%         3
 Curse of Agony           Necr           14%        N/A       94%         5
 Silence                  Hex/Air        7%         N/A       94%         5
 Lehudib's Crystal Spear  Conj/Erth      7%         10d3      100%        8


Dungeon Overview and Level Annotations

Branches:
Dungeon (8/15)             Temple (1/1) D:4
   Lair: D:8-11

Altars:
Ashenzari
Cheibriados
Dithmenos
Elyvilon
Fedhas
Gozag
Hepliaklqana
Kikubaaqudgha
Makhleb
Nemelex Xobeh
Okawaru
Qazlal
Ru
Sif Muna
Trog
Uskayaw
Vehumet
Wu Jian
Xom
Yredelemnul
Zin
The Shining One

Shops:
D:3 (   D:7 ?


Message History

The howler monkey hoots and howls with incredible vigour!
You hear a shout!
You hear a croak.
Your Summonings skill increases to level 9!
You barely miss the howler monkey.
The howler monkey hits you but does no damage.
You hit the howler monkey.
The howler monkey is poisoned.
The howler monkey is lightly wounded.
You block the howler monkey's attack.
You hit the howler monkey.
The howler monkey looks as sick as possible!
The howler monkey is heavily wounded.
The howler monkey hits you but does no damage.
The howler monkey barely misses you.
Casting: Call Canine Familiar (safe; 1% risk of failure)
Confirm with . or Enter, or press ? or * to list all spells.
You call for your canine familiar and it appears with a howl!
A gnoll comes into view. It is wielding a +0 spear.
The howler monkey hoots and howls with incredible vigour!
You hear a shout!
You hear a howl!
You hear a shout!
You hear an angry hiss.
You hear a howl!
Casting: Call Canine Familiar (safe; 1% risk of failure)
Confirm with . or Enter, or press ? or * to list all spells.
The howler monkey completely misses you.
You hit the howler monkey.
You kill the howler monkey!
The orc wizard points at you and mumbles some strange words.
The magic dart hits you.
An orc priest comes into view. It is wielding a +0 falchion.
Your inugami hits the orc wizard!
An orc priest comes into view. It is wielding a +0 club.
The orc wizard points at you and mumbles some strange words.
The puff of flame hits you!
The orc priest invokes the aid of Beogh against you.
Beogh smites you!
You barely miss the orc wizard.
The orc wizard is almost dead.
Your inugami hits the orc wizard but does no damage.
The orc priest calls down the wrath of Beogh upon you.
Beogh smites you!
You die...

#.##.#..
#......##
.......#
#####......#
....#......###
#..........
#...†..###..
###..@o.g...o
#...<[h.###.o
#...#.....#
### #######


You could see 2 orc priests, an orc wizard (ally target), a gnoll, a friendly
animated ring mail (summoned) and a friendly inugami (summoned).

Vanquished Creatures
  A wyvern (D:7)
  A sky beast (D:7)
  An ogre (D:7)
  A bullfrog (D:7)
  2 howler monkeys (D:8)
  A bombardier beetle (D:6)
  An orc priest (D:4)
  A gnoll bouda (D:6)
  3 hounds
  A sleepcap (D:7)
  2 iguanas (D:5)
  A gnoll (D:4)
  2 adders (D:4)
  4 orcs
  A ball python (D:3)
  2 bats
  An endoplasm (D:1)
  A giant cockroach (D:1)
  A hobgoblin (D:4)
  A jackal (D:4)
  2 kobolds
  2 quokkas
  2 goblins
35 creatures vanquished.

Vanquished Creatures (collateral kills)
  Prince Ribbit (D:5)
  Sigmund (D:5)
  Eustachio (D:6)
  A water moccasin (D:5)
  Duvessa (D:7)
  An ice beast (D:6)
  A sky beast (D:6)
  Blork the orc (D:4)
  A kobold brigand (D:7)
  A bullfrog (D:7)
  2 scorpions
  Dowan (D:7)
  A bombardier beetle (D:5)
  3 hounds
  3 jellies
  An orc priest (D:6)
  Crazy Yiuf (D:4)
  2 sleepcaps
  An iguana (D:5)
  3 orc wizards
  7 gnolls
  5 adders
  3 ribbon worms
  A dart slug (D:3)
  14 orcs
  5 bats
  7 endoplasms
  2 giant cockroaches
  6 goblins
  6 hobgoblins
  5 jackals
  3 quokkas
  8 ball pythons
  6 frilled lizards
  6 kobolds
  2 rats (D:1)
114 creatures vanquished.

Grand Total: 149 creatures vanquished

Notes
Turn   | Place    | Note
-------+----------+-------------------------------------------
     0 | D:1      | javelincjr the Deep Elf Summoner began the quest for the
                  | Orb.
     0 | D:1      | Reached XP level 1. HP: 10/10 MP: 6/6
   156 | D:1      | Reached XP level 2. HP: 10/15 MP: 5/8
   278 | D:1      | Learned a level 2 spell: Call Imp
   735 | D:1      | Reached XP level 3. HP: 17/19 MP: 7/10
  1852 | D:3      | Found a faded altar of an unknown god.
  1907 | D:3      | Learned a level 3 spell: Call Canine Familiar
  2106 | D:3      | Found Qeocyun's Weapon Shoppe.
  2333 | D:3      | Reached skill level 5 in Summonings
  2491 | D:3      | Reached XP level 4. HP: 24/24 MP: 0/12
  2689 | D:4      | Noticed Blork the orc
  2700 | D:4      | Killed Blork the orc
  2701 | D:4      | Reached skill level 5 in Spellcasting
  2701 | D:4      | Reached XP level 5. HP: 28/28 MP: 1/14
  3281 | D:4      | Found a staircase to the Ecumenical Temple.
  3292 | D:4      | Reached XP level 6. HP: 28/32 MP: 9/16
  3345 | Temple   | Entered the Ecumenical Temple
  3408 | Temple   | Became a worshipper of the Shining One
  3416 | Temple   | Learned a level 4 spell: Summon Lightning Spire
  3470 | Temple   | Identified a scroll of acquirement
  3470 | Temple   | Acquired the amulet of Qusitoil {Reflect Str+5 Dex+4 SH+5}
  4567 | D:4      | Found a runed translucent door.
  4568 | D:4      | Noticed Crazy Yiuf
  4578 | D:4      | Killed Crazy Yiuf
  4673 | D:5      | Entered Level 5 of the Dungeon
  4837 | D:5      | Noticed a water moccasin
  4847 | D:5      | Killed a water moccasin
  4848 | D:5      | Reached XP level 7. HP: 36/36 MP: 11/18
  4964 | D:5      | Noticed Prince Ribbit
  4986 | D:5      | Killed Prince Ribbit
  4987 | D:5      | Reached skill level 5 in Stealth
  5051 | D:5      | Found a sparkling altar of Nemelex Xobeh.
  5122 | D:5      | Noticed Sigmund
  5129 | D:5      | Killed Sigmund
  5130 | D:5      | Reached skill level 5 in Dodging
  5130 | D:5      | Reached XP level 8. HP: 41/41 MP: 13/21
  5227 | D:5      | Learned a level 4 spell: Animate Armour
  5305 | D:5      | Identified the +5 ring mail "Live Meu" {Int+3}
  5669 | D:6      | Reached * piety under the Shining One
  5749 | D:6      | Reached skill level 1 in Invocations
  5862 | D:6      | Acquired the scarf of Entitlement {repulsion, rC+ Will+
                  | Int+2}
  5883 | D:6      | Noticed Eustachio
  5908 | D:6      | Killed Eustachio
  5909 | D:6      | Reached skill level 1 in Armour
  6653 | D:6      | Found a snail-covered altar of Cheibriados.
  6925 | D:7      | Found Uwaoqiwn's Magic Scroll Boutique.
  6985 | D:7      | Noticed Duvessa
  6998 | D:7      | Killed Duvessa
  7014 | D:7      | Noticed Dowan
  7022 | D:7      | Killed Dowan
  7023 | D:7      | Reached XP level 9. HP: 22/45 MP: 14/24
  7931 | D:8      | Killed from afar by an orc priest

Illustrated notes

Levels and vault maps discovered:
D:1:      nzn_arrival_depleted_hourglass, layout_rooms, st_stairs_12,
          hangedman_decor_points
D:2:      layout_loops_corners
D:3:      layout_rooms, serial_shops, shop, basic_ecumenical_altar
D:4:      layout_layer_cave, minmay_temple_entry_proselytizer,
          uniq_crazy_yiuf_cottage, uniq_blork_the_orc
D:5:      layout_basic, mainiacjoe_overflow_paths, uniq_prince_ribbit1,
          uniq_sigmund
D:6:      layout_layer_cave, cheibriados_altar_1, uniq_eustachio
D:7:      layout_loops_cross, serial_shops, nicolae_shop_waterfront,
          uniq_duvessa
D:8:      layout_rooms, minmay_lair_entry_grove, gammafunk_ghost_icy,
          serial_shops, nicolae_shop_back_alley_shop, grunt_ministairs_11,
          uniq_maggie, uniq_grum
Temple:   mainiacjoe_temple_big_plus

Skill      XL: |  1  2  3  4  5  6  7  8  9 |
---------------+----------------------------+-----
Stealth        | 3 4 5 6 |  6.6
Spellcasting   | 4 5 6 7 9 |  9.6
Summonings     | 5 6 7 8 9 |  9.0
Dodging        | 3 4 5 6 |  6.3
Invocations    | 2 |  2.8
Armour         | 1 2 |  2.2

Action                     |  1- 3 |  4- 6 |  7- 9 || total
---------------------------+-------+-------+-------++-------
  Melee: Staff             |    50 |       |       ||    50
         Unarmed           |     2 |       |       ||     2
         Dagger            |       |    51 |    28 ||    79
         Spear             |       |       |    63 ||    63
   Cast: Summon Small Mamm |    39 |    21 |     4 ||    64
         Call Imp          |    24 |    11 |       ||    35
         Call Canine Famil |     8 |    23 |    30 ||    61
         Summon Lightning  |       |     1 |    10 ||    11
         Animate Armour    |       |       |    10 ||    10
    Use: Scroll            |       |    11 |     8 ||    19
   Stab: Sleeping          |     2 |       |       ||     2
         Distracted        |     1 |       |       ||     1
 Armour: Robe              |    25 |    19 |    21 ||    65
         Ring mail         |       |       |    32 ||    32
  Dodge: Dodged            |    57 |    33 |    38 ||   128
         Repelled          |       |       |     3 ||     3
  Block: Other             |       |     8 |    19 ||    27

Table legend: (Time is in decaauts)
 A = Elapsed time spent in this place.
 B = Non-inter-level travel time spent in this place.
 C = Inter-level travel time spent in this place.
 D = Time resting spent in this place.
 E = Time spent auto-exploring this place.
 F = Levels seen in this place.
 G = Mean time per level.
                   A        B        C        D        E       F      G
               +--------+--------+--------+--------+--------+-----+--------+
         Total |   7944 |   7668 |    276 |    317 |   5860 |   9 |  882.7 |
       Dungeon |   7776 |   7584 |    192 |    317 |   5807 |   8 |  972.0 |
        Temple |    167 |     83 |     84 |      0 |     53 |   1 |  167.0 |
               +--------+--------+--------+--------+--------+-----+--------+

Top non-repeatable levels by time:
     D:4: 1828 daAuts
     D:6: 1226 daAuts
     D:5: 1024 daAuts
     D:2: 1021 daAuts
     D:7: 996 daAuts
     D:1: 836 daAuts
     D:3: 826 daAuts
  Temple: 167 daAuts
     D:8: 15 daAuts
